 Dungeon Crawl Stone Soup version 0.20-a0-495-g2241292 (webtiles) character file.

40 nono the Vandal (level 3, -2/22 HPs)
             Began as a Halfling Arcane Marksman on Jan 18, 2017.
             Shot with a stone by a goblin (6 damage)
             ... on level 2 of the Dungeon.
             The game lasted 00:08:24 (1447 turns).

nono the Vandal (Halfling Arcane Marksman)          Turns: 1447, Time: 00:08:25

Health: -2/22      AC:  2    Str: 11    XL:     3   Next: 72%
Magic:  4/4        EV: 15    Int: 12    God:
Gold:   83         SH:  0    Dex: 14    Spells: 3/4 levels left

rFire    . . .     SeeInvis .   b - +0 dagger
rCold    . . .     Gourm    .   e - +0 robe
rNeg     . . .     Faith    .   (shield restricted)
rPois    .         Spirit   .   (no helmet)
rElec    .         Reflect  .   (no cloak)
rCorr    +         Harm     .   (no gloves)
MR       .....                  (no boots)
Stlth    +.........             (no amulet)
Regen    0.1/turn               (no ring)
                                h - ring of resist corrosion

@: very slightly contaminated, hasted, very quick
A: mutation resistance 1
a: no special abilities


You were on level 2 of the Dungeon.
You were not hungry.

You visited 1 branch of the dungeon, and saw 2 of its levels.

You collected 83 gold pieces.

Inventory:

Hand Weapons
 a - a +0 hunting sling
 b - a +0 dagger (weapon)
Missiles
 d - 13 sling bullets
 k - 15 poisoned needles
 m - 32 stones (quivered)
Armour
 e - a +0 robe (worn)
Jewellery
 h - a ring of resist corrosion (left hand)
Scrolls
 g - 2 scrolls of identify {unknown}
 i - a scroll of amnesia {unknown}
Books
 c - a book of Debilitation

   Spells                             Type                      Level
   a - Corona                         Hexes                        1
   b - Slow                           Hexes                        2
   c - Gell's Gravitas                Hexes/Translocation          3
   d - Inner Flame                    Hexes/Fire                   3
   e - Cause Fear                     Hexes                        4
   f - Leda's Liquefaction            Hexes/Earth                  4
Comestibles
 f - a bread ration
 j - a slice of pizza
 o - a beef jerky


   Skills:
 - Level 0.8 Fighting
 + Level 1.3 Short Blades
 * Level 4.4 Slings
 + Level 2.9 Dodging
 - Level 1.0 Spellcasting
 - Level 2.4 Hexes


You had 3 spell levels left.
You knew the following spells:

 Your Spells              Type           Power        Failure   Level  Hunger
a - Corona                Hex            #......      12%         1    ##.....


Dungeon Overview and Level Annotations

Branches:
Dungeon (2/15)

Altars:
Sif Muna

Annotations:
D:2 exclusion: 2 adders


Innate Abilities, Weirdness & Mutations

You are small and have problems with some larger weapons.
You are somewhat resistant to further mutation.


Message History

A goblin comes into view. It is wielding a hunting sling.
The goblin shouts!
The goblin shoots a stone.
The stone hits you.
You see here a stone.
There is an open gate here.
The goblin shoots a stone.
The stone hits you.
The jackal barks!
You see here a stone.
The goblin shoots a stone.
The stone hits you.
You see here a stone.
The goblin shoots a stone.
The stone hits you.
* * * LOW HITPOINT WARNING * * *
You see here a stone.
It was a potion of haste.
You feel yourself speed up.
The goblin shoots a stone.
The stone closely misses you.
You are very lightly contaminated with residual magic.
There is an open gate here.
A goblin comes into view. It is wielding a hunting sling.
The goblin shoots a stone.
The stone hits you.
You die...

#.(...# g##..≈≈#.#
#.(...#......≈≈#.# #.
#.(...#g....≈≈≈#.# #≈≈
#.(...#≈≈≈≈≈≈≈.#.##
#≈≈≈##''h##≈≈≈≈≈ #....#
#≈≈≈≈...≈≈≈≈# #.#..#
###≈≈...≈≈#######.#..####
###..(..........).)....
#...@########.#######
####.#######†........
#..)......>.......>
###########.#.####.
#.#...... #.######.
#.#........ #.#.######.
#.### #.


You could see a jackal and a goblin.

Vanquished Creatures
  2 dart slugs
  6 bats
  2 giant cockroaches (D:2)
  A hobgoblin (D:1)
  7 kobolds
  3 frilled lizards
  9 goblins
  6 rats
36 creatures vanquished.

Notes
Turn   | Place    | Note
-------+----------+-------------------------------------------
     0 | D:1      | nono the Halfling Arcane Marksman began the quest for the Orb.
     0 | D:1      | Reached XP level 1. HP: 12/12 MP: 2/2
   173 | D:1      | Reached XP level 2. HP: 16/18 MP: 3/3
   354 | D:1      | Reached skill level 1 in Short Blades
   469 | D:1      | Reached skill level 4 in Slings
   469 | D:1      | Reached XP level 3. HP: 20/22 MP: 4/4
  1218 | D:2      | Found a deep blue altar of Sif Muna.
  1447 | D:2      | Shot with a stone by a goblin

Vault maps used:
D:1:      dpeg_arrival_tiny_g, minivault_23
D:2:      kennysheep_goblin_castle, led_sif_pool

Skill      XL: |  1  2 |
---------------+-------+-----
Short Blades   | 1 |  1.3
Slings         | 4 |  4.4
Fighting       | |  0.8
Dodging        | |  2.9
Spellcasting   | |  1.0
Hexes          | |  2.4

Action                   || total
-------------------------++-------
Melee: Dagger            ||    93
 Fire: Hunting sling     ||    53
  Use: Potion            ||     1
  Eat: Chunk             ||     2
Armor: Robe              ||    20
Dodge: Dodged            ||    73
